 Dungeon Sprint DCSS version 0.27.1-3-gb3d3a73c9e (webtiles) character file.

Game seed: 6275865975561118589

3701 JuniperTheExplorer the Blocker (level 10, -1/81 HPs)
             Began as a Djinni Fighter on Oct 7, 2021.
             Slain by a sphinx (14 damage)
             ... in the Dungeon (Sprint II: "The Violet Keep of Menkaure").
             The game lasted 00:43:26 (3613 turns).

JuniperTheExplorer the Blocker (Djinni Fighter)     Turns: 3613, Time: 00:43:27

Health: -1/81      AC: 42    Str: 20    XL:     10   Next: 35%
Gold:   268        EV:  8    Int: 10    God:
                   SH: 17    Dex: 19

rFire    + + +     SeeInvis .   a - +0 trident (protect)
rCold    . . .     Faith    .   c - +4 kite shield
rNeg     . . .     Spirit   .   t - +15 plate armour "Topn" {rF+ Dex+5 Slay+3}
rPois    ∞         Reflect  .   (no helmet)
rElec    +         Harm     .   d - +0 cloak "Uvuev" {rElec rF- Will+++ Stlth+}
rCorr    +         Rampage  .   p - +2 pair of gloves {Str+3}
Will     ++++.     NoTele   +   (boots unavailable)
Stlth    ..........             (no amulet)
HPRegen  0.23/turn              (no ring)
MPRegen  0.00/turn              (no ring)

@: resistant, under a protective aura, flying
A: sickness immunity, fire resistance 2, cold vulnerability 1, float, innate
caster, hp casting, extra vitality 1
a: no special abilities


You were in the Dungeon.
You visited 1 branch You collected 2279 gold pieces.
You spent 2011 gold pieces at shops.

Inventory:

Hand Weapons
 a - a +0 trident of protection (weapon)
Missiles
 b - 41 poisoned darts (quivered)
 f - a datura-tipped dart
Armour
 c - a +4 kite shield (worn)
 d - the +0 cloak "Uvuev" (worn) {rElec rF- Will+++ Stlth+}
   (You found it in the Dungeon)

   rF:        It makes you vulnerable to fire.
   rElec:     It insulates you from electricity.
   Will:      It greatly increases your willpower.
   Stlth:     It makes you more stealthy.
 p - a +2 pair of gloves of strength (worn)
 t - the +15 plate armour "Topn" (worn) {rF+ Dex+5 Slay+3}
   (You bought it in a shop in the Dungeon)

   Dex:       It affects your dexterity (+5).
   Slay:      It affects your accuracy & damage with ranged weapons and melee
   (+3).
   rF:        It protects you from fire.
Potions
 g - a potion of haste
 h - 3 potions of berserk rage
 l - a potion of invisibility


   Skills:
 + Level 10.6 Fighting
 + Level 10.2 Polearms
 + Level 0.5 Throwing
 + Level 11.7 Armour
 + Level 3.9 Dodging
 + Level 0.9 Stealth
 + Level 12.3 Shields


You couldn't memorise any spells.
You knew the following spells:

 Your Spells              Type           Power      Damage    Failure   Level
a - Sandblast             Erth           0%         2d4       100%        1
b - Poisonous Vapours     Pois/Air       0%         N/A       100%        2
c - Dazzling Flash        Conj/Hex       0%         N/A       100%        3
d - Ozocubu's Armour      Ice            0%         N/A       100%        3
Your spell library was empty.


Dungeon Overview and Level Annotations

Branches:
Dungeon (1/1)

Altars:
Cheibriados
Dithmenos
Elyvilon
Fedhas
Gozag
Hepliaklqana
Kikubaaqudgha
Makhleb
Nemelex Xobeh
Okawaru
Qazlal
Ru
Sif Muna
Trog
Uskayaw
Vehumet
Wu Jian
Xom
Yredelemnul
Zin
The Shining One
Beogh
Jiyva
Lugonu

Shops:
D =[:!(*=(?!([*:?

Annotations:
D exclusions: ice statue and oklob plant, Roxanne


Innate Abilities, Weirdness & Mutations

You are immune to sickness and miasma.
You are immune to poison.
Your flesh is very heat resistant. (rF++)
You are vulnerable to cold. (rC-)
You float through the air rather than walking.
You learn spells naturally, not from books.
Your magical power is your life essence.
You have superior vitality. (+4 HP)


Message History

The sphinx closely misses you.
The sphinx is engulfed in a cloud of scalding steam.
The sphinx hits you but does no damage. You block the sphinx's attack.
The sphinx hits you but does no damage.
The sphinx is engulfed in a cloud of scalding steam.
The sphinx mumbles some strange words.
Something smites you!
You puncture the sphinx!
Your weapon exudes an aura of protection.
The sphinx is moderately wounded.
The sphinx mumbles some strange words.
Something smites you!
* * * LOW HITPOINT WARNING * * *
As you read the scroll of fear, it crumbles to dust.
You assume a fearsome visage.
The sphinx looks frightened! x2
The sphinx is engulfed in a cloud of scalding steam.
There is an open door here.
You reach down and close the door.
A sphinx opens the door.
Reach: a) +0 trident (protect)
Press: ? - help, Dir - move target, f - sphinx
Aim: a sphinx (lava, moderately wounded, about 16% to evade your +0 trident of protection)
You reach to attack!
You puncture the sphinx!
Your weapon exudes an aura of protection.
Your attack snaps the sphinx out of its fear.
The sphinx is heavily wounded.
The sphinx casts a spell.
You resist with almost no effort.
Reach: a) +0 trident (protect)
Press: ? - help, Dir - move target, f/p - sphinx
Aim: a sphinx (lava, heavily wounded, about 16% to evade your +0 trident of protection)
You reach to attack!
You puncture the sphinx!
The sphinx is heavily wounded.
You puncture the sphinx!
The sphinx is severely wounded.
The sphinx casts a spell.
You resist with almost no effort.
You hit the sphinx.
The sphinx is severely wounded.
The sphinx hits you!
You die...

##.###+###.##§§....≈≈≈≈≈≈≈(≈≈≈≈≈.
≈####.#.####§≈.....≈#'########§##
≈≈≈#..#..#≈≈≈≈≈≈≈..≈#_._.....#§≈≈
+#≈##.#.##≈≈≈§≈§≈≈.≈#._._....#§≈§
.#≈≈##+##≈≈§≈§≈§≈≈≈≈#_._._...#§§≈
###≈≈≈≈≈≈≈≈≈≈≈§§§§≈≈#._._._..#≈≈≈
*,#+++#+++#≈§§§≈≈≈≈≈#_._._._.#≈≈§
***≈§≈≈≈≈≈##§≈§###≈≈#._._._._#≈§§
**§§§§§§≈§§##§§#@#§≈#.._._._.#≈§§
+≈≈§≈§8≈≈§≈§+§≈#H#§≈#._._._..#§§≈
##§§≈§≈≈≈≈§##H≈≈§§§≈##########≈≈§
*##§§≈≈≈≈≈###########≈≈≈≈≈≈≈≈≈≈≈≈
*∩####+####.○zzzzz###≈########≈▓▓
*,,,,****#...°zzzzz##≈#,,,,,,#▓▓≈
∩,,,^,,,+..°°°°○z.°.+≈#,,,,,,**≈≈
*******,##°○○°○○°°°####,,,,,,+≈≈≈
,,,,,,*,,##°○°.°°.##***,,,,,,**≈≈


You could see a sphinx and 11 flying skulls.

Vanquished Creatures
  A boulder beetle (D)
  2 deep trolls (D)
  2 death drakes (D)
  A polar bear (D)
  A hornet (D)
  A vampire mosquito (D)
  Menkaure (D)
  2 water moccasins (D)
  2 swamp drakes (D)
  4 necrophages (D)
  4 scorpions (D)
  3 worms (D)
24 creatures vanquished.

Vanquished Creatures (others)
  A boulder beetle (D)
  A yaktaur (D)
  2 polar bears (D)
  2 water moccasins (D)
  16 tentacles (D)
22 creatures vanquished.

Grand Total: 46 creatures vanquished

Notes
Turn   | Place    | Note
-------+----------+-------------------------------------------
     0 | D        | JuniperTheExplorer the Djinni Fighter began the quest for
                  | the Orb.
     0 | D        | Reached XP level 1. HP: 20/20 MP: 0/0
     1 | D        | Noticed a boulder beetle
     1 | D        | Noticed a boulder beetle
     5 | D        | Noticed a necrophage
     5 | D        | Noticed a necrophage
     5 | D        | Noticed a necrophage
     5 | D        | Noticed a necrophage
    15 | D        | Killed a necrophage
    16 | D        | Reached skill level 5 in Fighting
    16 | D        | Reached skill level 5 in Armour
    16 | D        | Reached skill level 5 in Shields
    16 | D        | Reached XP level 2. HP: 14/28 MP: 0/0
    16 | D        | Reached XP level 3. HP: 16/33 MP: 0/0
    16 | D        | Learned a level 1 spell: Sandblast
    16 | D        | Reached XP level 4. HP: 19/39 MP: 0/0
    31 | D        | Killed a necrophage
    32 | D        | Reached skill level 6 in Shields
    32 | D        | Reached XP level 5. HP: 31/46 MP: 0/0
    32 | D        | Learned a level 2 spell: Poisonous Vapours
    39 | D        | Killed a necrophage
    40 | D        | Reached skill level 7 in Shields
    40 | D        | Reached XP level 6. HP: 31/53 MP: 0/0
    45 | D        | Killed a necrophage
    46 | D        | Reached skill level 1 in Dodging
    94 | D        | Killed a water moccasin
   177 | D        | Found an iron altar of Okawaru.
   178 | D        | Found a glowing silver altar of Zin.
   186 | D        | Noticed a flying skull
   186 | D        | Noticed a flying skull
   186 | D        | Noticed a flying skull
   186 | D        | Noticed a flying skull
   186 | D        | Noticed a flying skull
   186 | D        | Noticed a flying skull
   186 | D        | Noticed a flying skull
   187 | D        | Noticed a flying skull
   187 | D        | Noticed a flying skull
   187 | D        | Noticed a flying skull
   187 | D        | Noticed a flying skull
   188 | D        | Noticed a flying skull
   190 | D        | Found a glowing golden altar of the Shining One.
   190 | D        | Found a basalt altar of Yredelemnul.
   191 | D        | Found a shimmering altar of Xom.
   191 | D        | Found a bloodstained altar of Trog.
   191 | D        | Found a hide-covered altar of Uskayaw.
   191 | D        | Found a burning altar of Makhleb.
   194 | D        | Identified the +0 cloak "Uvuev" {rElec rF- Will+++ Stlth+}
   211 | D        | Found a sparkling altar of Nemelex Xobeh.
   212 | D        | Found an opulent altar of Gozag.
   213 | D        | Found a corrupted altar of Lugonu.
   213 | D        | Found a blossoming altar of Fedhas.
   213 | D        | Found an ornate altar of the Wu Jian Council.
   233 | D        | Noticed Menkaure
   260 | D        | Killed Menkaure
   261 | D        | Reached skill level 8 in Shields
   261 | D        | Reached XP level 7. HP: 59/59 MP: 0/0
   261 | D        | Learned a level 3 spell: Dazzling Flash
   274 | D        | Identified Roxanne's Tome of Shape Shifting
   274 | D        | Noticed Roxanne
   281 | D        | Found Zoacuh's Antique Weapon Shop.
   281 | D        | Found Kypem's Assorted Antiques.
   283 | D        | Found Goasiwk's Magic Scroll Boutique.
   283 | D        | Found Enubossi's Distillery.
   284 | D        | Found Powokk's Weapon Boutique.
   284 | D        | Found Ometow's Magic Scroll Shop.
   284 | D        | Found Suossil's Jewellery Shop.
   285 | D        | Noticed a vampire mosquito
   297 | D        | Killed a vampire mosquito
   414 | D        | Found a white marble altar of Elyvilon.
   414 | D        | Found a sacrificial altar of Ru.
   416 | D        | Found a shadowy altar of Dithmenos.
   416 | D        | Found a viscous altar of Jiyva.
   418 | D        | Found a snail-covered altar of Cheibriados.
   419 | D        | Noticed a polar bear
   419 | D        | Noticed a polar bear
   423 | D        | Noticed a hornet
   424 | D        | Noticed a yaktaur
   441 | D        | Killed a polar bear
   444 | D        | Killed a hornet
   457 | D        | Killed a yaktaur
   719 | D        | Killed a polar bear
   725 | D        | Noticed a polar bear
   748 | D        | Killed a polar bear
   749 | D        | Reached skill level 5 in Polearms
   749 | D        | Reached skill level 9 in Shields
   749 | D        | Reached XP level 8. HP: 67/67 MP: 0/0
   769 | D        | Noticed a kraken
   834 | D        | Found the amulet of the Air {Inacc Air Fly rElec RMsl}
  1384 | D        | Found Norakoal's Antique Armour Boutique.
  1384 | D        | Found Amink's Book Boutique.
  1386 | D        | Found Ageigg's Assorted Antiques.
  1386 | D        | Noticed a shining eye
  1401 | D        | Found Nixegud's Antique Weapon Boutique.
  1401 | D        | Found Ovuc's Distillery.
  1401 | D        | Noticed a shining eye
  1401 | D        | Noticed a shining eye
  1401 | D        | Noticed an oklob plant
  1402 | D        | Found Guegynuh's Antique Armour Shop.
  1402 | D        | Found Jeut's Book Shoppe.
  1402 | D        | Found Lysiess's Jewellery Boutique.
  1404 | D        | Noticed a yak
  1404 | D        | Noticed a yak
  1405 | D        | Noticed a yak
  1408 | D        | Noticed an iron elemental
  1431 | D        | Bought a scroll of acquirement for 572 gold pieces
  1431 | D        | Acquired 801 gold pieces
  1499 | D        | Bought a pair of embroidered gloves for 150 gold pieces
  1510 | D        | Bought a spiked plate armour for 672 gold pieces
  1510 | D        | Identified the +15 plate armour "Topn" {rF+ Dex+5 Slay+3}
                  | (You bought it in a shop in the Dungeon)
  1549 | D        | Bought a scroll of enchant armour for 82 gold pieces
  1549 | D        | Bought a scroll of identify for 22 gold pieces
  1549 | D        | Bought a scroll of identify for 22 gold pieces
  1549 | D        | Bought a scroll of identify for 22 gold pieces
  1617 | D        | Found a stormy altar of Qazlal.
  1671 | D        | Reached skill level 10 in Armour
  1705 | D        | Found a hazy altar of Hepliaklqana.
  1711 | D        | Noticed a flying skull
  1711 | D        | Noticed a flying skull
  1711 | D        | Noticed a flying skull
  1711 | D        | Noticed a flying skull
  1713 | D        | Noticed a flying skull
  1713 | D        | Noticed a flying skull
  1767 | D        | Noticed a deep troll
  1826 | D        | Killed a deep troll
  1827 | D        | Reached skill level 10 in Shields
  1827 | D        | Reached XP level 9. HP: 64/73 MP: 0/0
  1827 | D        | Learned a level 3 spell: Ozocubu's Armour
  1989 | D        | Noticed a deep troll
  2015 | D        | Killed a deep troll
  2285 | D        | Bought a scroll of enchant armour for 82 gold pieces
  2285 | D        | Bought a scroll of enchant armour for 82 gold pieces
  2289 | D        | Bought a potion of invisibility for 80 gold pieces
  2376 | D        | Killed a boulder beetle
  2377 | D        | Reached skill level 10 in Fighting
  2377 | D        | Reached skill level 11 in Shields
  2386 | D        | Killed a boulder beetle
  2505 | D        | Bought a scroll of identify for 22 gold pieces
  2511 | D        | Bought 2 scrolls of blinking for 165 gold pieces
  2511 | D        | Bought a scroll of fear for 38 gold pieces
  2557 | D        | Noticed a death drake
  2568 | D        | Reached XP level 10. HP: 80/80 MP: 0/0
  2606 | D        | Killed a death drake
  2607 | D        | Reached skill level 12 in Shields
  2654 | D        | Noticed a death drake
  2654 | D        | Noticed a crystal guardian
  2712 | D        | Killed a death drake
  2713 | D        | Reached skill level 10 in Polearms
  3476 | D        | Noticed an ice statue
  3547 | D        | Noticed a sphinx
  3547 | D        | Noticed a sphinx
  3613 | D        | Slain by a sphinx

Illustrated notes

Levels and vault maps discovered:
D:        the_violet_keep_of_menkaure [sprint2_stairs_cluster_1,
          sprint2_shoproom, sprint2_temple, sprint2_basic_supplies,
          sprint2_obstacle_6, sprint2_obstacle_1, sprint2_obstacle_2,
          sprint2_obstacle_7, sprint2_obstacle_4, sprint2_timed_cluster_1,
          sprint2_smallroom_cluster_1, sprint2_smallroom_final_cluster_1,
          sprint2_transparent_cluster_1, sprint2_second_timed_cluster_1,
          sprint2_sniper_area_1, sprint2_heavy_combat_area_1,
          sprint2_mutation_trap_area_1, sprint2_forest_area_1,
          sprint2_light_combat_area_1, sprint2_behind_water_1,
          sprint2_near_end_vault_1]

Skill      XL: |  1  2  3  4  5  6  7  8  9 10 |
---------------+-------------------------------+-----
Fighting       | 5 6 7 8 9 10 | 10.6
Polearms       | 2 3 4 5 7 9 10 | 10.2
Armour         | 5 6 7 8 9 10 11 | 11.7
Shields        | 5 6 7 8 9 10 11 12 | 12.3
Dodging        | 1 2 3 |  3.9
Throwing       | |  0.5
Stealth        | |  0.9

Action                   |  1- 3 |  4- 6 |  7- 9 | 10-12 || total
-------------------------+-------+-------+-------+-------++-------
Melee: Trident           |     9 |    30 |   140 |    98 ||   277
Throw: Dart              |       |       |     1 |     5 ||     6
  Use: Potion            |     1 |     1 |     3 |     5 ||    10
       Scroll            |       |       |    14 |     6 ||    20
Armor: Scale mail        |     4 |     4 |     6 |       ||    14
       Plate armour      |       |       |    29 |    39 ||    68
       Chain mail        |       |       |    13 |       ||    13
Dodge: Dodged            |     2 |     8 |    28 |    19 ||    57
Block: Kite shield       |     2 |    17 |    64 |    59 ||   142
